 Dungeon Crawl Stone Soup version 0.27-a0-1196-g3e9cee4cb2 (webtiles) character file.

Game seed: 11949908081526421505

2394 christhawk the Quickloader (level 9, 0/70 HPs)
             Began as a Gnoll Hunter on May 30, 2021.
             Was a Priest of Okawaru.
             Slain by a boulder beetle zombie (16 damage)
             ... animated by the malice of Kikubaaqudgha
             ... on level 6 of the Dungeon.
             The game lasted 00:32:30 (7370 turns).

christhawk the Quickloader (Gnoll Hunter)           Turns: 7370, Time: 00:32:31

Health: 0/70       AC: 22    Str: 13    XL:     9   Next: 46%
Magic:  15/15      EV: 12    Int: 15    God:    Okawaru [***...]
Gold:   86         SH:  0    Dex: 13    Spells: 15/16 levels left

rFire    + . .     SeeInvis .   b - +9 war axe "Oddaud" {protect, *Slow rF+ Int+3}
rCold    . . .     Faith    .   (no shield)
rNeg     + . .     Spirit   .   n - +0 ring mail {rN+}
rPois    .         Reflect  .   h - +1 helmet
rElec    .         Harm     .   (no cloak)
rCorr    .         Rampage  .   v - +0 pair of gloves
Will     .....                  e - +1 pair of boots
Stlth    ++........             f - amulet of the acrobat
HPRegen  0.21/turn              g - ring of flight
MPRegen  0.14/turn              s - +4 ring of protection

@: under a protective aura, flying
A: fangs 1, strong nose, distributed training, mutation resistance 1
a: Renounce Religion, Heroism


You were on level 6 of the Dungeon.
You worshipped Okawaru.
Okawaru was most pleased with you.
You visited 1 branch of the dungeon, and saw 6 of its levels.

You collected 370 gold pieces.
You spent 284 gold pieces at shops.

Inventory:

Hand Weapons
 a - a +1 hand crossbow
 b - the +9 war axe "Oddaud" (weapon) {protect, *Slow rF+ Int+3}
   (You bought it in a shop on level 5 of the Dungeon)

   It grants its wielder temporary protection when it strikes (+7 to AC).
   It affects your intelligence (+3).
   It protects you from fire.
   It may slow you when you take damage.
 c - a +0 great sword
Missiles
 d - 12 bolts
Armour
 e - a +1 pair of boots (worn)
 h - a +1 helmet (worn)
 n - a +0 ring mail of positive energy (worn)
 v - a +0 pair of gloves (worn)
Jewellery
 f - an amulet of the acrobat (around neck)
 g - a ring of flight (left hand)
 q - a ring of protection from cold
 s - a +4 ring of protection (right hand)
 w - a +4 ring of protection
Wands
 k - a wand of paralysis (3)
Scrolls
 i - 2 scrolls of magic mapping
 m - 2 scrolls of identify
 o - 3 scrolls of teleportation
 p - 2 scrolls of fog
Potions
 j - 5 potions of curing
 l - 2 potions of magic
 r - a potion of resistance
 t - a potion of heal wounds
 u - a potion of invisibility


   Skills:
 + Level 6.3 Fighting
 + Level 4.2 Short Blades
 + Level 4.2 Long Blades
 + Level 4.2 Axes
 + Level 4.2 Maces & Flails
 + Level 4.2 Polearms
 + Level 4.2 Staves
 + Level 4.2 Slings
 + Level 4.2 Bows
 + Level 9.5 Crossbows
 + Level 4.2 Throwing
 + Level 4.2 Armour
 + Level 6.3 Dodging
 + Level 4.9 Stealth
 + Level 4.2 Shields
 + Level 4.2 Unarmed Combat
 + Level 4.2 Spellcasting
 + Level 3.5 Conjurations
 + Level 3.5 Hexes
 + Level 3.5 Summonings
 + Level 3.5 Necromancy
 + Level 3.5 Translocations
 + Level 3.5 Transmutations
 + Level 3.5 Fire Magic
 + Level 3.5 Ice Magic
 + Level 3.5 Air Magic
 + Level 3.5 Earth Magic
 + Level 3.5 Poison Magic
 + Level 4.7 Invocations
 + Level 4.2 Evocations


You had 15 spell levels left.
You knew the following spells:

 Your Spells              Type           Power      Damage    Failure   Level
a - Animate Skeleton      Necr           26%        N/A       9%          1

Your spell library contained the following spells:

 Spells                   Type           Power      Damage    Failure   Level
 Pain                     Necr           52%        1d6       9%          1
 Sublimation of Blood     Necr           6%         N/A       13%         2
 Vampiric Draining        Necr           6%         2d6       26%         3


Dungeon Overview and Level Annotations

Branches:
Dungeon (6/15)             Temple (0/1) D:5

Altars:
Hepliaklqana
Kikubaaqudgha
Okawaru
Qazlal
Xom

Shops:
D:4 !   D:5 [([

Annotations:
D:6 3 runed translucent doors, robertstho's ghost, novice DjFE


Innate Abilities, Weirdness & Mutations

You have very sharp teeth.
Your uncanny sense of smell can sniff out nearby items.
Your experience applies equally to all skills.
You are somewhat resistant to further mutation.


Message History

Found an escape hatch in the ceiling.
There is an open door here.
There is an open door here.
Kikubaaqudgha's malice focuses upon you.
Your body is wracked with pain!
The dead are walking and crawling! 4 zombies come into view.
You feel clever.
The +9 war axe "Oddaud" {protect, *Slow rF+ Int+3} hums with potential!
b - the +9 war axe "Oddaud" (weapon)
{protect, *Slow rF+ Int+3} You hit the boulder beetle zombie but do no damage.
Your weapon exudes an aura of protection.
You hit the orc zombie. You hit the scorpion zombie.
The scorpion zombie closely misses you.
The boulder beetle zombie bites you but does no damage.
The orc zombie hits you but does no damage.
You hit the boulder beetle zombie but do no damage.
You bite the boulder beetle zombie, but do no damage.
You slash the orc zombie!
You destroy the orc zombie!
That felt strangely unrewarding.
You hit the scorpion zombie. You barely miss the rat zombie.
The scorpion zombie hits you but does no damage.
The boulder beetle zombie bites you!
You slash the scorpion zombie!
The scorpion zombie is heavily damaged.
You hit the rat zombie. You hit the boulder beetle zombie.
The rat zombie misses you. The scorpion zombie barely misses you.
The rat zombie bites you but does no damage.
The boulder beetle zombie bites you but does no damage.
You slice the scorpion zombie!!
You destroy the scorpion zombie!
That felt strangely unrewarding.
You hit the boulder beetle zombie. You slash the rat zombie!
You destroy the rat zombie!
That felt strangely unrewarding.
The boulder beetle zombie bites you!
* * * LOW HITPOINT WARNING * * *
You slash the boulder beetle zombie!
The boulder beetle zombie is moderately damaged.
The boulder beetle zombie bites you!
You die...

#...##'######.
#.......#
#...##.....#
#.......#
#...##.....#
#.....>.#
#...##.....#
#.......#
#...#......#
#.......#
#...#......#
#.......#
#...#......#
#.......#
#...#...Z..#
#.......#
#...#...@..+
#.......#
#....#.....#
#...|...#
#....#######.
+.......#
####.#
#.####.......#
###
#............#
#............#
#............#
#............#
#............#


You could see a boulder beetle zombie.

Vanquished Creatures
  4 yaks (D:6)
  A two-headed ogre zombie (D:4)
  Duvessa (D:5)
  A necrophage (D:5)
  2 sky beasts
  An ogre (D:6)
  A centaur (D:6)
  2 phantoms (D:5)
  A bullfrog (D:6)
  4 scorpions
  2 water moccasin zombies (D:5)
  Dowan (D:5)
  A troll skeleton (D:4)
  A howler monkey (D:6)
  A bullfrog zombie (D:5)
  An orc priest (D:3)
  6 hounds
  2 bullfrog skeletons (D:5)
  A scorpion zombie (D:6)
  Terence (D:3)
  4 iguanas
  2 orc wizards (D:2)
  A sky beast zombie (D:5)
  An acid dragon skeleton (D:6)
  A hound skeleton (D:4)
  An adder (D:2)
  8 gnolls
  A howler monkey skeleton (D:6)
  An ufetubus (D:5)
  An elf zombie (D:5)
  An iguana zombie (D:3)
  3 adder skeletons
  3 dart slugs
  17 orcs
  3 ball pythons
  12 bats
  A bat skeleton (D:4)
  3 bat zombies
  3 endoplasms
  A giant cockroach (D:2)
  A gnoll zombie (D:5)
  8 goblins
  5 hobgoblins
  A human zombie (D:3)
  A quokka (D:5)
  2 frilled lizards (D:1)
  2 goblin skeletons (D:6)
  A goblin zombie (D:3)
  9 kobolds
  2 orc skeletons (D:2)
  An orc zombie (D:6)
  4 rats
  A rat zombie (D:6)
141 creatures vanquished.

Vanquished Creatures (others)
  An orc warrior (D:5)
  An iguana (D:5)
  4 adders
  An orc (D:5)
7 creatures vanquished.

Grand Total: 148 creatures vanquished

Notes
Turn   | Place    | Note
-------+----------+-------------------------------------------
     0 | D:1      | christhawk the Gnoll Hunter began the quest for the Orb.
     0 | D:1      | Reached XP level 1. HP: 20/20 MP: 1/1
   135 | D:1      | Reached XP level 2. HP: 26/26 MP: 2/2
   245 | D:1      | Found a faded altar of an unknown god.
   273 | D:1      | Became a worshipper of Kikubaaqudgha
   273 | D:1      | Reached * piety under Kikubaaqudgha
   273 | D:1      | Identified Kikubaaqudgha's Tome of Black Secrets
                  | (Kikubaaqudgha gifted it to you on level 1 of the Dungeon)
   273 | D:1      | Received a gift from Kikubaaqudgha
   277 | D:1      | Learned a level 1 spell: Animate Skeleton
   476 | D:1      | Reached XP level 3. HP: 28/31 MP: 3/3
   564 | D:1      | Fell from the grace of Kikubaaqudgha
   583 | D:1      | Gained mutation: You are somewhat resistant to further
                  | mutation. [potion of mutation]
   583 | D:1      | Gained mutation: Armour fits poorly on your strangely
                  | shaped body. [potion of mutation]
   933 | D:2      | Reached skill level 1 in Short Blades
   933 | D:2      | Reached skill level 1 in Long Blades
   933 | D:2      | Reached skill level 1 in Axes
   933 | D:2      | Reached skill level 1 in Maces & Flails
   933 | D:2      | Reached skill level 1 in Polearms
   933 | D:2      | Reached skill level 1 in Staves
   933 | D:2      | Reached skill level 1 in Slings
   933 | D:2      | Reached skill level 1 in Bows
   933 | D:2      | Reached skill level 1 in Throwing
   933 | D:2      | Reached skill level 1 in Armour
   933 | D:2      | Reached skill level 1 in Shields
   933 | D:2      | Reached skill level 1 in Unarmed Combat
   933 | D:2      | Reached skill level 1 in Spellcasting
   933 | D:2      | Reached skill level 1 in Invocations
   933 | D:2      | Reached skill level 1 in Evocations
   933 | D:2      | Reached XP level 4. HP: 38/38 MP: 5/5
  1068 | D:2      | Lost mutation: Armour fits poorly on your strangely shaped
                  | body. [potion of mutation]
  1538 | D:2      | Reached skill level 1 in Conjurations
  1538 | D:2      | Reached skill level 1 in Hexes
  1538 | D:2      | Reached skill level 1 in Summonings
  1538 | D:2      | Reached skill level 1 in Necromancy
  1538 | D:2      | Reached skill level 1 in Translocations
  1538 | D:2      | Reached skill level 1 in Transmutations
  1538 | D:2      | Reached skill level 1 in Fire Magic
  1538 | D:2      | Reached skill level 1 in Ice Magic
  1538 | D:2      | Reached skill level 1 in Air Magic
  1538 | D:2      | Reached skill level 1 in Earth Magic
  1538 | D:2      | Reached skill level 1 in Poison Magic
  1553 | D:2      | Reached XP level 5. HP: 13/43 MP: 6/6
  1556 | D:2      | HP: 1/43 [orc/+0 short sword (4)]
  2324 | D:3      | Noticed Terence
  2335 | D:3      | Killed Terence
  2578 | D:3      | Found an iron altar of Okawaru.
  2584 | D:3      | Became a worshipper of Warmaster Okawaru
  2754 | D:3      | Reached XP level 6. HP: 50/50 MP: 8/8
  3465 | D:4      | Found a stormy altar of Qazlal.
  3482 | D:4      | Found Cohinefo's Distillery.
  3486 | D:4      | Bought a potion of curing for 36 gold pieces
  3486 | D:4      | Bought a potion of curing for 36 gold pieces
  3610 | D:4      | Reached skill level 5 in Fighting
  3610 | D:4      | Reached skill level 5 in Dodging
  4427 | D:5      | Entered Level 5 of the Dungeon
  4477 | D:5      | Found Oqeoloh's Antique Weapon Shop.
  4477 | D:5      | Noticed a sky beast
  4485 | D:5      | Noticed Dowan
  4736 | D:5      | Killed an orc warrior
  4754 | D:5      | Reached XP level 7. HP: 53/56 MP: 10/10
  5079 | D:5      | Killed Dowan
  5079 | D:5      | Reached * piety under Okawaru
  5235 | D:5      | HP: 2/56 [gnoll zombie/+0 flail[the malice of
                  | Kikubaaqudgha] (1)]
  5237 | D:5      | Reached skill level 9 in Crossbows
  5267 | D:5      | HP: 2/56 [Dowan the elf zombie/+0 dagger[the malice of
                  | Kikubaaqudgha] (3)]
  5423 | D:5      | Noticed Duvessa
  5585 | D:5      | Bought a crystal war axe for 212 gold pieces
  5585 | D:5      | Identified the +9 war axe "Oddaud" {protect, *Slow rF+
                  | Int+3} (You bought it in a shop on level 5 of the Dungeon)
  5690 | D:5      | Found Vymiku's Antique Armour Boutique.
  5806 | D:5      | Reached XP level 8. HP: 59/63 MP: 12/12
  5878 | D:5      | Found a hazy altar of Hepliaklqana.
  6020 | D:5      | Found a staircase to the Ecumenical Temple.
  6137 | D:5      | Killed Duvessa
  6137 | D:5      | Reached ** piety under Okawaru
  6138 | D:5      | Found Tycug Uhebu's Antique Armour Shop.
  6221 | D:5      | Found a shimmering altar of Xom.
  6421 | D:6      | Noticed a yak
  6421 | D:6      | Noticed a yak
  6421 | D:6      | Noticed a yak
  6421 | D:6      | Noticed a yak
  6436 | D:6      | Killed a yak
  6448 | D:6      | Killed a yak
  6449 | D:6      | Reached XP level 9. HP: 69/69 MP: 14/14
  6648 | D:6      | Reached *** piety under Okawaru
  7275 | D:6      | Found a runed translucent gate.
  7275 | D:6      | Found a runed translucent gate.
  7275 | D:6      | Found a runed translucent gate.
  7276 | D:6      | Noticed robertstho's ghost (novice DjFE)
  7370 | D:6      | Slain by a boulder beetle zombie

Illustrated notes

Levels and vault maps discovered:
D:1:      dpeg_arrival_lava_altar, layout_rooms, basic_ecumenical_altar
D:2:      layout_basic, lightli_corner_chamber
D:3:      layout_loops_ring, old_standard_altar, eino_tiny_chamber, uniq_terence
D:4:      layout_cave_pools, lemuel_round_altar, serial_shops,
          nicolae_shop_trees, lemuel_old_faithful
D:5:      layout_cave_pods, worldfamousw_hep_ancestral_shrine,
          xom_confusion_cloud, minmay_temple_entry_fiery, serial_shops, shop,
          nicolae_shop_behind_doors, kennysheep_little_box, uniq_duvessa
D:6:      layout_gridville, gammafunk_ghost_necromancy, hex_tiny

Skill      XL: |  1  2  3  4  5  6  7  8  9 |
---------------+----------------------------+-----
Short Blades   | 1 2 3 4 |  4.2
Long Blades    | 1 2 3 4 |  4.2
Axes           | 1 2 3 4 |  4.2
Maces & Flails | 1 2 3 4 |  4.2
Polearms       | 1 2 3 4 |  4.2
Staves         | 1 2 3 4 |  4.2
Slings         | 1 2 3 4 |  4.2
Bows           | 1 2 3 4 |  4.2
Throwing       | 1 2 3 4 |  4.2
Armour         | 1 2 3 4 |  4.2
Shields        | 1 2 3 4 |  4.2
Unarmed Combat | 1 2 3 4 |  4.2
Spellcasting   | 1 2 3 4 |  4.2
Invocations    | 1 2 3 4 |  4.7
Evocations     | 1 2 3 4 |  4.2
Conjurations   | 1 2 3 |  3.5
Hexes          | 1 2 3 |  3.5
Summonings     | 1 2 3 |  3.5
Necromancy     | 1 2 3 |  3.5
Translocations | 1 2 3 |  3.5
Transmutations | 1 2 3 |  3.5
Fire Magic     | 1 2 3 |  3.5
Ice Magic      | 1 2 3 |  3.5
Air Magic      | 1 2 3 |  3.5
Earth Magic    | 1 2 3 |  3.5
Poison Magic   | 1 2 3 |  3.5
Stealth        | 3 4 |  4.9
Fighting       | 5 6 |  6.3
Dodging        | 5 6 |  6.3
Crossbows      | 9 |  9.5

Action                   |  1- 3 |  4- 6 |  7- 9 || total
-------------------------+-------+-------+-------++-------
Melee: Short sword       |    10 |       |       ||    10
       Bite              |     1 |    17 |    17 ||    35
       Punch             |     1 |       |     1 ||     2
       Great sword       |     3 |   124 |    63 ||   190
       War axe           |       |       |    93 ||    93
 Fire: Hand crossbow     |    32 |    76 |    69 ||   177
 Cast: Animate Skeleton  |     2 |       |       ||     2
Invok: Receive Corpses   |     1 |       |       ||     1
       Renounce Religion |     1 |       |       ||     1
  Use: Potion            |     5 |     5 |     3 ||    13
       Scroll            |       |     7 |     4 ||    11
 Stab: Sleeping          |       |       |     1 ||     1
Armor: Leather armour    |     8 |    47 |       ||    55
       Ring mail         |       |    22 |    94 ||   116
Dodge: Dodged            |     4 |   150 |   106 ||   260
       Rpst.: Great sword |       |    38 |    12 ||    50

Table legend: (Time is in decaauts)
 A = Elapsed time spent in this place.
 B = Non-inter-level travel time spent in this place.
 C = Inter-level travel time spent in this place.
 D = Time resting spent in this place.
 E = Time spent auto-exploring this place.
 F = Levels seen in this place.
 G = Mean time per level.
                   A        B        C        D        E       F      G
               +--------+--------+--------+--------+--------+-----+--------+
         Total |   7480 |   7257 |    223 |   2698 |   3406 |   6 | 1246.7 |
       Dungeon |   7480 |   7257 |    223 |   2698 |   3406 |   6 | 1246.7 |
               +--------+--------+--------+--------+--------+-----+--------+

Top non-repeatable levels by time:
     D:5: 1726 daAuts
     D:2: 1466 daAuts
     D:3: 1318 daAuts
     D:4: 1227 daAuts
     D:6: 1070 daAuts
     D:1: 671 daAuts
